 Dungeon Crawl Stone Soup version bcrawl-1.38.3 (webtiles) character file.

Game seed: 2400297538720869222

133684 vcxz the Skirmisher (level 5, -3/51 HPs)
             Began as a Naga Archaeologist on June 8, 2023.
             Slain by an iguana (8 damage)
             ... on level 3 of the Dungeon.
             The game lasted 00:04:33 (3008 turns).

vcxz the Skirmisher (Naga Archaeologist)            Turns: 3008, Time: 00:04:34

Health: -3/51      AC:  8    Str: 11 (13) XL:     5   Next: 58%
Magic:  5/5        EV:  9    Int: 14 (16) God:
Gold:   111        SH:  0    Dex:  6 (7)  Spells: 4/4 levels left

rFire    . . .     GDR:     17% a - +0 whip
rCold    . . .     SeeInvis +   (no shield)
rNeg     . . .     Gourm    .   c - +1 robe
rPois    +         Faith    .   d - +1 hat
rElec    .         Spirit   .   (no cloak)
rCorr    .         Reflect  .   (no gloves)
MR       .....                  (no barding)
Stlth    ++........             (no amulet)
HPRegen  0.18/turn              (no ring)
MPRegen  0.09/turn              (no ring)

@: about to teleport, very slow
A: large, tail, swims, iridescent scales 2, see invisible, clumsy 1, deformed
body, sense surroundings 1, poison resistance, slowness 2, slow metabolism 1,
spit poison 1, AC +1
a: Spit Poison


You were on level 3 of the Dungeon.
You were hungry.

You visited 1 branch of the dungeon, and saw 3 of its levels.

You collected 111 gold pieces.

Inventory:

Hand Weapons
 a - a +0 whip (weapon)
 b - a +0 blowgun
 h - the +8 fustibalus of Lagoeto {freeze, Str+4 Int+4}
   (You acquired it on level 3 of the Dungeon)

   It causes projectiles fired from it to freeze those they strike, increasing
   damage dealt by approximately one third against foes not resistant or
   susceptible to cold, and potentially slowing cold-blooded foes.
   It affects your strength (+4).
   It affects your intelligence (+4).
Missiles
 f - 6 curare-tipped needles
Armour
 c - a +1 robe (worn)
 d - a +1 hat (worn)
 l - a cursed -2 scale mail
 n - a +1 robe
Scrolls
 g - 2 scrolls of magic mapping
 i - 3 scrolls of identify
 k - 3 scrolls of teleportation
 p - a scroll of amnesia {unknown}
 s - a scroll of remove curse {unknown}
Potions
 m - a potion of degeneration
Comestibles
 e - 4 rations {!d}
 r - 4 chunks of flesh


   Skills:
 - Level 4.9 Fighting
 - Level 1.0 Maces & Flails
 * Level 1.4 Slings
 - Level 2.4 Dodging
 - Level 4.8 Stealth


You had 4 spell levels left.
You didn't know any spells.
Your spell library was empty.

Dungeon Overview and Level Annotations

Branches:
Dungeon (3/12)

Altars:

Annotations:
D:3 Grinder


Innate Abilities, Weirdness & Mutations

You cannot wear boots.
You can swim through water.
Your serpentine skin is tough. (AC +1)
You have supernaturally acute eyesight. (SInv)
Armour fits poorly on your strangely shaped body.
Your system is resistant to poisons. (rPois)
You cover ground very slowly.
You have a slow metabolism.
You can spit poison.
You are mostly covered in iridescent scales. (AC +4)
You are clumsy. (Dex -2)
You passively map a small area around you.


Message History

The bat closely misses you. The iguana closely misses you.
The iguana bites you but does no damage.
You hit the iguana but do no damage.
The iguana is heavily wounded.
The bat barely misses you. The iguana bites you.
* * * LOW HITPOINT WARNING * * *
No path to travel!
You barely miss the iguana.
The iguana is heavily wounded.
The bat closely misses you. The iguana bites you.
* * * LOW HITPOINT WARNING * * *
Okay, then.
As you read the scroll labeled GESUDA SADUT, it crumbles to dust.
The creatures around you are filled with an inner flame!
It was a scroll of immolation.
The bat barely misses you. The iguana bites you.
* * * LOW HITPOINT WARNING * * *
As you read the scroll labeled TIOQ ZOYQA, it crumbles to dust.
You feel strangely unstable.
It was a scroll of teleportation.
The bat misses you. The iguana bites you!
You die...

#............$..##.....,
#.........#.#..###.....
#.........#.#..........
#................#.....,
#####(...##....#.......
, ##..####.†......#
####..## #.)b...#[.#
#...<.# ##......##..
#.###.####.@l###..... *
##>#*#.......## ##.##
#..#*........# .# ##.##
....>...# * . .
#..###........# ..
####.###.........# ..
#.....#...###.#### , ,
.. .........## #.# * , ,
.. .........####.### ,
..


You could see an iguana (inner flame) and a bat (inner flame).

Vanquished Creatures
  A hound (D:3)
  Jessica (D:3)
  Robin (D:3)
  3 adders
  An ooze (D:2)
  A worm (D:2)
  A leopard gecko (D:3)
  An orc (D:3)
  A giant cockroach (D:1)
  14 goblins
  7 hobgoblins
  9 jackals (D:1)
  6 quokkas
  A ball python (D:1)
  7 bats
  5 frilled lizards
  8 kobolds
  6 rats
74 creatures vanquished.

Notes
Turn   | Place    | Note
-------+----------+-------------------------------------------
     0 | D:1      | vcxz the Naga Archaeologist began the quest for the Orb.
     0 | D:1      | Reached XP level 1. HP: 18/18 MP: 1/1
   334 | D:1      | Reached XP level 2. HP: 24/26 MP: 2/2
   793 | D:1      | Reached XP level 3. HP: 24/33 MP: 3/3
  1958 | D:2      | Reached XP level 4. HP: 43/44 MP: 4/4
  2256 | D:3      | Noticed Robin
  2403 | D:3      | Noticed Grinder
  2529 | D:3      | Killed Robin
  2540 | D:3      | Paralysed by Grinder for 2 turns
  2634 | D:3      | Paralysed by Grinder for 2 turns
  2751 | D:3      | Reached XP level 5. HP: 19/51 MP: 5/5
  2751 | D:3      | Identified a scroll of acquirement
  2761 | D:3      | Identified the +8 fustibalus of Lagoeto {freeze, Str+4
                  | Int+4} (You acquired it on level 3 of the Dungeon)
  2761 | D:3      | Identified the amulet "Wielarim" {Rage rC+ Dex+4 SInv} (You
                  | acquired it on level 3 of the Dungeon)
  2864 | D:3      | Noticed Jessica
  2894 | D:3      | Killed Jessica
  2895 | D:3      | Reached skill level 1 in Slings
  2966 | D:3      | Gained mutation: You are partially covered in iridescent
                  | scales. (AC +2) [potion of mutation]
  2966 | D:3      | Gained mutation: You are clumsy. (Dex -2) [potion of
                  | mutation]
  2966 | D:3      | Gained mutation: You are mostly covered in iridescent
                  | scales. (AC +4) [potion of mutation]
  2966 | D:3      | Gained mutation: You passively map a small area around you.
                  | [potion of mutation]
  3008 | D:3      | Slain by an iguana

Skill      XL: |  1  2  3  4  5 |
---------------+----------------+-----
Fighting       | 2 3 4 |  4.9
Slings         | 1 |  1.4
Maces & Flails | |  1.0
Dodging        | |  2.4
Stealth        | |  4.8

Action                   |  1- 3 |  4- 6 || total
-------------------------+-------+-------++-------
Melee: Whip              |   214 |   189 ||   403
 Abil: Spit Poison       |       |     3 ||     3
  Use: Potion            |       |     4 ||     4
       Scroll            |       |     3 ||     3
 Stab: Sleeping          |     5 |     1 ||     6
  Eat: Chunk             |     9 |     3 ||    12
       Ration            |       |     1 ||     1
Armor: Robe              |    84 |    91 ||   175
       Skin              |       |    45 ||    45
Dodge: Dodged            |   162 |   149 ||   311
